 Dungeon Crawl Stone Soup version 0.21-a0-193-g085b6a0 (webtiles) character file.

910 MackTheKnife the Slicer (level 8, 0/40 HPs)
             Began as a Vine Stalker Fighter on Aug 14, 2017.
             Succumbed to a worker ant's poison
             ... on level 5 of the Dungeon.
             The game lasted 00:03:44 (3219 turns).

MackTheKnife the Slicer (Vine Stalker Fighter)      Turns: 3219, Time: 00:03:45

Health: 0/40       AC:  6    Str: 20    XL:     8   Next: 8%
Magic:  5/9        EV:  7    Int:  8    God:
Gold:   277        SH:  9    Dex: 15    Spells: 7/7 levels left

rFire    . . .     SeeInvis .   a - +1 rapier
rCold    . . .     Gourm    .   c - +0 shield
rNeg     + . .     Faith    .   b - +0 scale mail
rPois    .         Spirit   +   (no helmet)
rElec    .         Reflect  .   (no cloak)
rCorr    .         Harm     .   (no gloves)
MR       +....                  (no boots)
Stlth    ..........             (no amulet)
HPRegen  0.53/turn              i - ring of positive energy {rN+}
MPRegen  0.11/turn              z - ring of flight {+Fly, !d}

@: lethally poisoned (0 -> -12)
A: fangs 3, regeneration 1, magic shield, antimagic bite, no potion heal 3, rot
immunity
a: Evoke Flight


You were on level 5 of the Dungeon.
You were hungry.

You visited 1 branch of the dungeon, and saw 5 of its levels.

You collected 277 gold pieces.

Inventory:

Hand Weapons
 a - a +1 rapier (weapon)
Missiles
 h - 7 curare-tipped needles
 y - a throwing net {=f, !d}
Armour
 b - a +0 scale mail (worn)
 c - a +0 shield (worn)
 v - a +1 robe of positive energy
   (You took it off an orc wizard on level 5 of the Dungeon)
Jewellery
 i - a ring of positive energy (left hand) {rN+}
   (You found it on level 2 of the Dungeon)
 z - a ring of flight (right hand) {+Fly, !d}
   (You found it on level 4 of the Dungeon)
Wands
 l - a wand of acid (6/15)
   (You found it on level 2 of the Dungeon)
 q - a wand of iceblast (5/15)
   (You found it on level 5 of the Dungeon)
 A - a wand of acid (2/15)
   (You found it on level 4 of the Dungeon)
Scrolls
 e - 3 scrolls of immolation {unknown}
 o - 2 scrolls of remove curse
 s - 2 scrolls of enchant weapon
 u - 2 scrolls of identify
 x - a scroll of amnesia {unknown}
 B - a scroll of blinking {unknown}
 C - a scroll of fear {unknown}
 D - a scroll of recharging {unknown}
Potions
 d - 2 potions of might
 g - 2 potions of magic {unknown}
 j - 2 potions of haste {unknown}
 k - 3 potions of lignification {unknown}
 n - a potion of flight {unknown}
 p - 3 potions of mutation {!q}
 r - a potion of cancellation {unknown}
 t - a potion of agility {unknown}
Comestibles
 f - 6 bread rations {@e1}
 m - a meat ration {@e2}
 w - 5 fruits


   Skills:
 + Level 3.4 Fighting
 + Level 8.1 Short Blades
 - Level 2.4 Armour
 - Level 2.6 Shields


You had 7 spell levels left.
You didn't know any spells.

Dungeon Overview and Level Annotations

Branches:
Dungeon (5/15)
 Temple: D:4-7

Altars:
Kikubaaqudgha
Vehumet


Innate Abilities, Weirdness & Mutations

You have razor-sharp teeth.
Your natural rate of healing is unusually fast.
When hurt, damage is shared between your health and your magic reserves.
Your bite disrupts and absorbs the magic of your enemies.
Potions cannot restore your health.
You are immune to rotting.


Message History

The gnoll is splashed with acid.
You kill the gnoll!
Evoking this partially-identified wand wasted a few charges.
The scorpion stings you but does no damage.
Aim: a gnoll, wielding a spear The bolt of acid hits the scorpion.
The scorpion is splashed with acid.
The acid corrodes the scorpion!
You kill the scorpion!
Your Fighting skill increases to level 3!
Your Short Blades skill increases to level 8!
The bolt of acid misses the gnoll.
The bolt of acid hits the gnoll.
The gnoll is splashed with acid.
The acid corrodes the gnoll!
You kill the gnoll!
You have reached level 8!
You feel stronger.
Your teeth grow very long and razor-sharp.
Evoking this partially-identified wand wasted a few charges.
You regained 3 hp, and now have 19/40 hp.
The plant is destroyed!
The hound bites the plant but does no damage.
The gnoll hits you with a spear.
The hound bites the plant but does no damage.
You see here a scorpion corpse.
You take 1 damage, and have 18/40 hp.
You now have 6/9 mp.
You hit the gnoll but do no damage. You bite the gnoll! You drain its power.
You feel invigorated. You block the gnoll's attack.
The hound bites the plant but does no damage.
MP restored: 9 You hit the gnoll.
You kill the gnoll!
You puncture the hound! You block the hound's attack.
The worker ant bites the plant but does no damage.
The hound bites you.
You take 3 damage, and have 16/40 hp.
You now have 8/9 mp.
You miss the hound. You bite the hound, but do no damage. The hound bites you.
The worker ant bites the plant but does no damage.
You now have 7/9 mp.
You closely miss the hound. You bite the hound. You drain its power.
You feel invigorated. The hound bites you.
The worker ant bites the plant but does no damage.
You take 2 damage, and have 15/40 hp.
You closely miss the hound. You block the hound's attack.
The worker ant bites the plant but does no damage.
You puncture the hound!
You kill the hound!
Your shield and scale mail prevent you from hitting the worker ant.
Your bite misses the worker ant. The worker ant bites you.
You take 1 damage, and have 15/40 hp.
You hit the worker ant. Your bite misses the worker ant.
The worker ant bites you.
You are poisoned.
The worker ant poisons you!
You take 1 damage, and have 14/40 hp.
You closely miss the worker ant.
You feel sick. The worker ant bites you.
You are more poisoned.
The worker ant poisons you!
You take 1 damage, and have 13/40 hp.
You now have 7/9 mp.
You hit the worker ant. Your bite misses the worker ant.
You feel sick. The worker ant bites you.
* * * LOW HITPOINT WARNING * * *
You are more poisoned.
The worker ant poisons you!
You take 1 damage, and have 12/40 hp.
You hit the worker ant. You bite the worker ant. You drain its power.
You feel invigorated.
You feel sick. You block the worker ant's attack.
You take 1 damage, and have 11/40 hp.
MP restored: 9 You barely miss the worker ant.
You bite the worker ant, but do no damage.
You feel sick. You block the worker ant's attack.
You hit the worker ant but do no damage.
Your bite misses the worker ant.
You feel sick. You block the worker ant's attack.
You take 1 damage, and have 10/40 hp.
You hit the worker ant. Your bite misses the worker ant.
You feel sick. The worker ant misses you.
You take 1 damage, and have 9/40 hp.
Your shield and scale mail prevent you from hitting the worker ant.
Your bite misses the worker ant.
You feel sick. The worker ant bites you.
* * * LOW HITPOINT WARNING * * *
You are lethally poisoned!
The worker ant poisons you! The worker ant bites you.
* * * LOW HITPOINT WARNING * * *
You take 4 damage, and have 5/40 hp.
You now have 5/9 mp.
You hit the worker ant but do no damage.
* * * LOW HITPOINT WARNING * * *
You feel sick. The worker ant bites you.
* * * LOW HITPOINT WARNING * * *
You are more poisoned.
The worker ant poisons you!
You take 1 damage, and have 4/40 hp.
Aim: a worker ant (almost dead)
The bolt of acid hits the worker ant.
The worker ant is splashed with acid.
The acid corrodes the worker ant!
You kill the worker ant!
Evoking this partially-identified wand wasted a few charges.
* * * LOW HITPOINT WARNING * * *
You feel very sick.
You take 3 damage, and have 1/40 hp.
You die...

#..##...P..♣ .
#...♣.♣♣.P.♣P. ..._.
#.....♣♣♣♣..♣. ....
#.....P♣♣..P.P ..#. #.
###..#....P♣.P.♣♣§.h .P.
........PP.♣♣.P♣≈♣§♣♣PP♣
.......#....♣♣♣P.♣♣.....P
.......###....♣.P♣...#
....... ####.@†))).#
....... ######### ####.


There were no monsters in sight!

Vanquished Creatures
  The ghost of Lunath the Shooter, an amateur CeHu (D:3)
  An ogre (D:4)
  2 scorpions
  A crimson imp (D:5)
  2 hounds
  A centaur skeleton (D:4)
  An iguana (D:5)
  An orc wizard (D:5)
  5 worker ants
  A worker ant zombie (D:5)
  6 gnolls (D:5)
  12 adders
  2 river rats (D:5)
  3 oozes
  2 worms
  2 dart slugs
  5 orcs
  7 ball pythons
  4 giant cockroaches
  7 goblins
  7 hobgoblins
  2 jackals (D:2)
  A quokka (D:4)
  4 bats
  6 frilled lizards
  7 kobolds
  A leopard gecko skeleton (D:4)
  8 rats
102 creatures vanquished.

Vanquished Creatures (others)
  2 plants (D:5)
2 creatures vanquished.

Grand Total: 104 creatures vanquished

Notes
Turn   | Place    | Note
-------+----------+-------------------------------------------
     0 | D:1      | MackTheKnife the Vine Stalker Fighter began the quest for the Orb.
     0 | D:1      | Reached XP level 1. HP: 11/11 MP: 2/2
    87 | D:1      | Reached skill level 2 in Short Blades
   123 | D:1      | Reached XP level 2. HP: 14/16 MP: 3/3
   425 | D:1      | Reached skill level 3 in Short Blades
   529 | D:1      | Reached XP level 3. HP: 19/19 MP: 4/4
  1055 | D:2      | Gained mutation: Your natural rate of healing is unusually fast. [Vine Stalker growth]
  1055 | D:2      | Reached XP level 4. HP: 16/23 MP: 5/5
  1195 | D:2      | Reached skill level 4 in Short Blades
  1248 | D:2      | You fall through a shaft!
  1533 | D:2      | Reached XP level 5. HP: 27/27 MP: 6/6
  1908 | D:3      | Found a radiant altar of Vehumet.
  2041 | D:3      | Noticed Lunath's ghost (amateur CeHu)
  2053 | D:3      | Killed Lunath's ghost
  2053 | D:3      | Reached skill level 5 in Short Blades
  2053 | D:3      | Reached XP level 6. HP: 23/32 MP: 7/7
  2078 | D:3      | Reached skill level 6 in Short Blades
  2592 | D:4      | Reached XP level 7. HP: 29/35 MP: 6/8
  2609 | D:4      | Reached skill level 7 in Short Blades
  2895 | D:5      | Entered Level 5 of the Dungeon
  3191 | D:5      | Found an ancient bone altar of Kikubaaqudgha.
  3199 | D:5      | Reached skill level 3 in Fighting
  3199 | D:5      | Reached skill level 8 in Short Blades
  3199 | D:5      | Gained mutation: You have razor-sharp teeth. [Vine Stalker growth]
  3199 | D:5      | Reached XP level 8. HP: 19/40 MP: 7/9
  3214 | D:5      | HP: 10/40 [poisoned by a worker ant]
  3217 | D:5      | HP: 4/40 [worker ant (1)]
  3218 | D:5      | HP: 1/40 [poisoned by a worker ant]
  3219 | D:5      | Succumbed to a worker ant's poison

Vault maps used:
D:1:      dpeg_arrival_three_same_balls
D:2:      serial_bayou, serial_bayou_shore_a, serial_bayou_lagoon_a,
          serial_bayou_pond_d, serial_bayou_pond_c, minmay_item_behind_shaft,
          minmay_snake_closets
D:3:      lemuel_crystal_altar, first_bread
D:5:      wad_woods_stonehenge, uniq_crazy_yiuf_cottage

Skill      XL: |  1  2  3  4  5  6  7 |
---------------+----------------------+-----
Short Blades   | 2 3 4 5 6 8 |  8.1
Fighting       | 3 |  3.4
Armour         | |  2.4
Shields        | |  2.6

Action                   |  1- 3 |  4- 6 |  7- 9 || total
-------------------------+-------+-------+-------++-------
Melee: Rapier            |   104 |   127 |   122 ||   353
       Bite              |    26 |    39 |    40 ||   105
Evoke: Wand              |       |       |     3 ||     3
  Use: Scroll            |     3 |       |     2 ||     5
       Potion            |       |     1 |       ||     1
  Eat: Chunk             |       |     5 |     2 ||     7
Armor: Scale mail        |    42 |    43 |    32 ||   117
Dodge: Dodged            |    32 |    31 |    22 ||    85
Block: Shield            |    47 |    52 |    50 ||   149

Vault maps used:
D:1:      dpeg_arrival_three_same_balls
D:2:      serial_bayou, serial_bayou_shore_a, serial_bayou_lagoon_a,
          serial_bayou_pond_d, serial_bayou_pond_c, minmay_item_behind_shaft,
          minmay_snake_closets
D:3:      lemuel_crystal_altar, first_bread
D:5:      wad_woods_stonehenge, uniq_crazy_yiuf_cottage

Table legend:
 A = Turns spent in this place as a percentage of turns spent in the entire game.
 B = Non-inter-level travel turns spent in this place as a percentage of non-inter-level travel turns spent in the entire game.
 C = Inter-level travel turns spent in this place as a percentage of turns spent in this place.
 D = Turns resting spent in this place as a percentage of non-inter-level travel turns spent in this place.
 E = Turns spent auto-exploring this place as a percentage of non-inter-level travel turns spent in this place.
 F = Non-inter-level travel turns spent in this place divided by the number of levels of this place that you've seen.
                   A       B       C       D       E      F
               +-------+-------+-------+-------+-------+----------------------
         Total | 100.0 | 100.0 |   0.5 |   1.0 |  13.5 | 230.4
       Dungeon | 100.0 | 100.0 |   0.5 |   1.0 |  13.5 | 230.4
               +-------+-------+-------+-------+-------+----------------------

Table legend:
 A = Kills in this place as a percentage of kills in entire the game.
 B = Kills by you in this place as a percentage of kills by you in the entire game.
 C = Kills by friends in this place as a percentage of kills by friends in the entire game.
 D = Other kills in this place as a percentage of other kills in the entire game.
 E = Experience gained in this place as a percentage of experience gained in the entire game.
 F = Experience gained in this place divided by the number of levels of this place that you have seen.
                   A       B       C       D       E      F
               +-------+-------+-------+-------+-------+----------------------
         Total | 100.0 | 100.0 |  -nan |  -nan | 100.0 | 260.0
       Dungeon | 100.0 | 100.0 |  -nan |  -nan | 100.0 | 260.0
               +-------+-------+-------+-------+-------+----------------------
